 Dungeon Crawl Stone Soup version 0.26-a0-712-ga5a9c9c9d0 (webtiles) character file.

Game seed: 17195157539578613788

2 Descartes the Vexing (level 1, -3/7 HPs)
             Began as a Felid Enchanter on Oct 31, 2020.
             Killed from afar by a dart slug (7 damage)
             ... with a slug dart
             ... on level 1 of the Dungeon.
             The game lasted 00:00:23 (92 turns).

Descartes the Vexing (Felid Enchanter)                Turns: 92, Time: 00:00:24

Health: -3/7       AC:  1    Str:  4    XL:     1   Next: 33%
Magic:  4/4        EV: 18    Int: 16    God:
Gold:   31         SH:  0    Dex: 16    Spells: 3/4 levels left
                                        Lives:  0   Deaths: 0

rFire    . . .     SeeInvis +     - Unarmed
rCold    . . .     Faith    .   (shield unavailable)
rNeg     . . .     Spirit   .   (armour unavailable)
rPois    .         Reflect  .   (helmet unavailable)
rElec    .         Harm     .   (cloak unavailable)
rCorr    .         Rampage  .   (gloves unavailable)
MR       .....                  (boots unavailable)
Stlth    +++.......             (no amulet)
HPRegen  0.02/turn              (no ring)
MPRegen  0.09/turn              (no ring)

@: quick
A: very small, no armour, no weapons or thrown items, stealth, claws 1, fangs 3,
see invisible, speed 1, shaggy fur 1, sharp paws
a: no special abilities


You were on level 1 of the Dungeon.
You visited 1 branch of the dungeon, and saw 1 of its levels.

You collected 31 gold pieces.

Inventory:

Missiles
 b - 20 stones
 c - 13 arrows
Scrolls
 d - a scroll of immolation {unknown}
Potions
 a - 2 potions of might {unknown}


   Skills:
 - Level 2.6 Dodging
 + Level 4.3 Stealth
 - Level 1.0 Unarmed Combat
 - Level 2.0 Spellcasting
 - Level 4.4 Hexes


You had 3 spell levels left.
You knew the following spells:

 Your Spells              Type           Power        Failure   Level
a - Corona                Hex            ###....      3%          1

Your spell library contained the following spells:

 Spells                   Type           Power        Failure   Level
 Confusing Touch          Hex            ###.....     11%         3
 Tukima's Dance           Hex            ###.....     11%         3
 Ensorcelled Hibernation  Hex/Ice        #.....       13%         2
 Dazzling Flash           Conj/Hex       #.....       26%         3


Dungeon Overview and Level Annotations

Branches:
Dungeon (1/15)

Altars:


Innate Abilities, Weirdness & Mutations

You cannot wear armour.
You are incapable of wielding weapons or throwing items.
Your paws allow you to move quietly. (Stealth)
You have sharp claws.
You have razor-sharp teeth.
You have supernaturally acute eyesight. (SInv)
You cover ground quickly.
You are covered in fur. (AC +1)
Your sharp claws are effective at attacking unaware monsters.


Message History

A rat comes into view.
Found 17 gold pieces.
You see here a scroll labeled JOTEUL VOMOME.
Found a scroll labeled VUCHOA XASHAT.
Found a stone staircase leading down.
You see here 16 gold pieces.
You scratch the dart slug.
The dart slug is moderately wounded.
The dart slug launches a dart at you. The slug dart misses you.
You scratch the dart slug.
The dart slug is heavily wounded.
You scratch the dart slug.
The dart slug is severely wounded.
The dart slug closely misses you.
You scratch the dart slug.
The dart slug is severely wounded.
The dart slug launches a dart at you. The slug dart hits you!
Ouch! That really hurt!
You die...

○#.#≈≈≈≈≈#
#..........#
≈#.#○○#≈≈#
##.........#
§#.#≈☼○≈☼#
#...[.....#
○#<#≈○≈°°#
##.###.####
°#.#≈○°≈☼#
#..##.# #.#
○°§≈#
##?##.#
≈#.#≈≈#°☼#
###..#.##.#
÷#.#≈≈ °○#
#.........#
≈#+#≈§☼
#.##@..#....
# #### ...
##w...?..
#.# ..#....
#. ..#..r. #
... .$. ....
.. .>...
......


You could see a dart slug and a rat (asleep).

Vanquished Creatures
  A dart slug (D:1)
1 creature vanquished.

Notes
Turn   | Place    | Note
-------+----------+-------------------------------------------
     0 | D:1      | Descartes the Felid Enchanter began the quest for the Orb.
     0 | D:1      | Reached XP level 1. HP: 7/7 MP: 4/4
    92 | D:1      | Killed from afar by a dart slug

Illustrated notes

Levels and vault maps discovered:
D:1:      saegor_arrival_miasma, layout_basic

Action                   || total
-------------------------++-------
Melee: Unarmed           ||     5
 Stab: Sleeping          ||     1
Dodge: Dodged            ||     2

Table legend: (Time is in decaauts)
 A = Elapsed time spent in this place.
 B = Non-inter-level travel time spent in this place.
 C = Inter-level travel time spent in this place.
 D = Time resting spent in this place.
 E = Time spent auto-exploring this place.
 F = Levels seen in this place.
 G = Mean time per level.
                   A        B        C        D        E       F      G
               +--------+--------+--------+--------+--------+-----+--------+
         Total |     75 |     75 |      0 |      0 |     62 |   1 |   75.0 |
       Dungeon |     75 |     75 |      0 |      0 |     62 |   1 |   75.0 |
               +--------+--------+--------+--------+--------+-----+--------+

Top non-repeatable levels by time:
     D:1: 75 daAuts
